 Dungeon Crawl Stone Soup version 0.25.0-1-g7eea58d2a3 (webtiles) character file.

Game seed: 4435071423673928159

7158 nikku the Thaumaturge (level 10, -13/61 HPs)
             Began as a Deep Elf Conjurer on June 13, 2020.
             Was a High Priest of Vehumet.
             Mangled by a skeletal warrior
             ... wielding a +0 war axe
              (16 damage)
             ... on level 10 of the Dungeon.
             The game lasted 00:44:12 (9391 turns).

nikku the Thaumaturge (Deep Elf Conjurer)           Turns: 9391, Time: 00:44:12

Health: -13/61     AC:  6    Str:  5    XL:     10   Next: 86%
Magic:  23/35      EV: 11    Int: 24    God:    Vehumet [*****.]
Gold:   502        SH:  8    Dex: 15    Spells: 20/30 levels left

rFire    . . .     SeeInvis .   C - +4 falchion
rCold    . . .     Gourm    .   k - +0 kite shield
rNeg     . . .     Faith    .   D - +2 robe {Archmagi}
rPois    .         Spirit   .   (no helmet)
rElec    .         Reflect  .   (no cloak)
rCorr    .         Harm     .   p - +1 pair of gloves
MR       +....                  (no boots)
Stlth    ++++......             l - amulet of magic regeneration
HPRegen  0.20/turn              n - ring of wizardry
MPRegen  0.49/turn              j - ring of magical power

@: about to teleport, hasted, very quick
A: no striking features
a: Renounce Religion


You were on level 10 of the Dungeon.
You worshipped Vehumet.
Vehumet was extremely pleased with you.
You were not hungry.

You visited 1 branch of the dungeon, and saw 10 of its levels.
You also visited: Sewer.

You collected 502 gold pieces.

Inventory:

Hand Weapons
 C - a +4 falchion (weapon)
Missiles
 g - 21 poisoned darts (quivered)
 h - 5 atropa-tipped darts
Armour
 k - a +0 kite shield (worn)
 p - a +1 pair of gloves (worn)
 D - a +2 robe of the Archmagi (worn)
Jewellery
 a - an uncursed ring of wizardry
 j - a ring of magical power (right hand)
 l - an amulet of magic regeneration (around neck)
 n - a ring of wizardry (left hand)
 r - an uncursed amulet of reflection
Wands
 f - a wand of random effects (15)
 s - a wand of paralysis (21)
 v - a wand of disintegration (16)
 x - a wand of iceblast (8)
 E - a wand of acid (2)
Scrolls
 e - 6 scrolls of teleportation
 y - 3 scrolls of remove curse
 z - a scroll of enchant armour
 B - a scroll of magic mapping
Potions
 b - 6 potions of curing
 d - 3 potions of invisibility
 m - a potion of resistance
 o - a potion of haste
 q - a potion of cancellation
 t - 3 potions of flight
 u - 2 potions of mutation
 A - a potion of might {unknown}
 G - a potion of heal wounds {unknown}
Comestibles
 c - 22 rations
 i - a chunk of flesh


   Skills:
 + Level 6.6 Fighting
 - Level 2.4 Dodging
 + Level 7.0 Stealth
 * Level 5.2 Shields
 + Level 10.7 Spellcasting
 - Level 7.0 Conjurations
 - Level 7.0 Translocations
 - Level 3.0 Air Magic
 - Level 3.0 Poison Magic


You had 20 spell levels left.
You knew the following spells:

 Your Spells              Type           Power        Failure   Level  Hunger
a - Magic Dart            Conj           ####         1%          1    None
b - Mephitic Cloud        Conj/Pois/Air  ######..     1%          3    None
c - Searing Ray           Conj           ######       1%          2    None
d - Iskenderun's Mystic   Conj/Tloc      ######..     1%          4    None

Your spell library contained the following spells:

 Spells                   Type           Power        Failure   Level  Hunger
 Freezing Cloud           Conj/Ice/Air   #####.....   50%         6    #####..
 Dazzling Flash           Conj/Hex       #####.       1%          3    None
 Fulminant Prism          Conj/Hex       #####.....   4%          4    None
 Pain                     Necr           ###.         7%          1    None


Dungeon Overview and Level Annotations

Branches:
Dungeon (10/15)            Temple (0/1) D:5             Orc (0/2) D:9
  Sewer (visited)
   Lair: D:8-11

Altars:
Cheibriados
Dithmenos
Fedhas
Gozag
Hepliaklqana
Kikubaaqudgha
Makhleb
Nemelex Xobeh
Sif Muna
Vehumet
Wu Jian
Zin
The Shining One

Shops:
D:4 !*[[[   D:9 (

Annotations:
D:6 3 runed translucent doors, Wanze's ghost, novice DrBe; Wanze's ghost, novice HOAK; tv1990's ghost, novice FoFE
D:9 exclusion: ice statue
D:10 exclusion: 2 oklob plants


Message History

You block the flying skull's attack. The flying skull hits you!
Something hits you.
As you read the scroll of teleportation, it crumbles to dust.
You feel strangely unstable. The flying skull hits you!
The flying skull completely misses you.
The skeletal warrior hits you with a +0 war axe.
* * * LOW HITPOINT WARNING * * *
Something hits you.
* * * LOW HITPOINT WARNING * * *
Okay, then.
Evoke which item? (* to show all) (? for menu, Esc to quit)
Okay, then.
You feel yourself speed up.
A killer bee comes into view.
The flying skull hits you.
* * * LOW HITPOINT WARNING * * *
Something hits you.
* * * LOW HITPOINT WARNING * * *
The skeletal warrior hits you with a +0 war axe!
You die...

.......................
......................
###..................
#.....>...^........
#..................
#..................
#..................
#..#...............
#.@#...............
#zz#...............
#{.#.........††....
ZZz..W)y#...............
.?n.....# ............=.
Z#.###..# ........<....
# #y.# ............ #..#
............ #..#
............


You could see a skeletal warrior, a wraith, a flying skull and 2 killer bees.

Vanquished Creatures
  A two-headed ogre (D:9)
  An unseen horror (D:10)
  3 flying skulls (D:10)
  A spriggan (D:9)
  A wraith (D:10)
  A warg (D:9)
  A hungry ghost (D:8)
  Menkaure (D:7)
  A hornet zombie (D:9)
  3 ice beasts
  4 sky beasts
  A phantom (D:8)
  2 orc warriors
  5 ogres
  A centaur (D:5)
  Blork the orc (D:5)
  A big kobold (D:9)
  4 bullfrogs
  A wyvern zombie (D:6)
  3 scorpions
  14 killer bees
  14 wights
  7 crimson imps
  3 hounds
  4 orc priests
  A bullfrog zombie (D:9)
  3 jellies
  3 centaur skeletons
  A bullfrog skeleton (D:6)
  4 iguanas
  10 orc wizards
  6 worker ants
  A hound zombie (D:5)
  2 hound skeletons
  2 worker ant zombies
  12 adders
  4 gnolls (D:5)
  2 shadow imps
  An ooze (D:5)
  An adder zombie (D:5)
  3 worms
  2 dart slugs
  7 leopard geckos
  34 orcs
  6 ball pythons
  5 giant cockroaches
  11 goblins
  6 hobgoblins
  12 jackals
  9 quokkas
  17 bats
  4 frilled lizards
  15 kobolds
  A leopard gecko zombie (D:8)
  A quokka skeleton (D:9)
  8 rats
273 creatures vanquished.

Notes
Turn   | Place    | Note
-------+----------+-------------------------------------------
     0 | D:1      | nikku the Deep Elf Conjurer began the quest for the Orb.
     0 | D:1      | Reached XP level 1. HP: 10/10 MP: 6/6
   208 | D:1      | Reached XP level 2. HP: 16/16 MP: 6/8
   702 | D:2      | Reached XP level 3. HP: 20/20 MP: 7/10
   708 | D:1      | Reached skill level 1 in Fighting
  1030 | D:2      | Learned a level 2 spell: Searing Ray
  1328 | D:2      | Found an ancient bone altar of Kikubaaqudgha.
  1328 | D:2      | Found a shimmering blue altar of Sif Muna.
  1329 | D:2      | Reached XP level 4. HP: 25/25 MP: 9/11
  1334 | D:2      | Found a radiant altar of Vehumet.
  1336 | D:2      | Identified Kikubaaqudgha's Compendium of Necromancy
  1356 | D:2      | Became a worshipper of Vehumet
  1470 | D:2      | Reached skill level 4 in Spellcasting
  1658 | D:2      | Reached skill level 5 in Conjurations
  1855 | D:3      | Learned a level 4 spell: Iskenderun's Mystic Blast
  1998 | D:3      | Found an ornate altar of the Wu Jian Council.
  2088 | D:3      | Reached * piety under Vehumet
  2088 | D:3      | Offered knowledge of Freeze by Vehumet.
  2088 | D:3      | Reached XP level 5. HP: 30/30 MP: 11/13
  2276 | D:3      | Found a glowing silver altar of Zin.
  2515 | D:3      | Reached skill level 1 in Translocations
  2725 | D:3      | Found a snail-covered altar of Cheibriados.
  2943 | D:4      | Found Raassypi's Assorted Antiques.
  2956 | D:4      | Reached XP level 6. HP: 35/35 MP: 12/15
  3020 | D:4      | Reached skill level 5 in Spellcasting
  3057 | D:4      | Found Cyosuoc's Antique Armour Boutique.
  3082 | D:4      | Found Egramack's Armour Shoppe.
  3162 | D:4      | Found Piewi's Distillery.
  3308 | D:4      | Found Gemitu Hopro's Armour Shop.
  3425 | D:5      | Entered Level 5 of the Dungeon
  3562 | D:5      | Noticed Blork the orc
  3573 | D:5      | Killed Blork the orc
  3577 | D:5      | Reached XP level 7. HP: 18/40 MP: 8/17
  3752 | D:5      | Found a staircase to the Ecumenical Temple.
  4062 | D:5      | Reached skill level 6 in Spellcasting
  4144 | D:5      | Reached ** piety under Vehumet
  4152 | D:5      | Offered knowledge of Foxfire by Vehumet.
  4846 | D:6      | Reached XP level 8. HP: 39/48 MP: 16/20
  4948 | D:6      | Reached skill level 7 in Spellcasting
  5022 | D:6      | Found a sparkling altar of Nemelex Xobeh.
  5047 | D:6      | Found a glowing drain.
  5056 | Sewer    | Entered a sewer
  5064 | Sewer    | Offered knowledge of Mephitic Cloud by Vehumet.
  5070 | Sewer    | Learned a level 3 spell: Mephitic Cloud
  5176 | Sewer    | Reached *** piety under Vehumet
  5535 | D:6      | Found a glowing golden altar of the Shining One.
  5588 | D:6      | Reached skill level 5 in Translocations
  5634 | D:6      | Found a runed translucent gate.
  5635 | D:6      | Found a runed translucent gate.
  5636 | D:6      | Found a runed translucent gate.
  5637 | D:6      | Noticed Wanze's ghost (novice DrBe)
  5638 | D:6      | Noticed tv1990's ghost (novice FoFE)
  5638 | D:6      | Noticed Wanze's ghost (novice HOAK)
  5664 | D:6      | Found a burning altar of Makhleb.
  5707 | D:6      | Reached skill level 1 in Poison Magic
  5876 | D:6      | Found a blossoming altar of Fedhas.
  6070 | D:7      | Reached skill level 1 in Air Magic
  6223 | D:7      | Reached skill level 8 in Spellcasting
  6269 | D:7      | Paralysed by an orc warrior for 2 turns
  6420 | D:7      | Offered knowledge of Stone Arrow by Vehumet.
  6478 | D:7      | Noticed Menkaure
  6485 | D:7      | Killed Menkaure
  6485 | D:7      | Reached XP level 9. HP: 53/53 MP: 15/23
  6684 | D:8      | Reached skill level 5 in Fighting
  6941 | D:8      | You fall into a shaft and drop 1 floor!
  6959 | D:9      | Found a shadowy altar of Dithmenos.
  7070 | D:9      | Reached **** piety under Vehumet
  7300 | D:8      | Reached skill level 9 in Spellcasting
  7466 | D:8      | Offered knowledge of Irradiate by Vehumet.
  7691 | D:8      | Learned a level 4 spell: Iskenderun's Mystic Blast
  7729 | D:9      | Reached skill level 1 in Shields
  7916 | D:9      | Found a hazy altar of Hepliaklqana.
  7996 | D:9      | Reached XP level 10. HP: 60/60 MP: 20/25
  8010 | D:9      | Reached skill level 5 in Stealth
  8263 | D:9      | Found a staircase to the Orcish Mines.
  8441 | D:9      | Found an opulent altar of Gozag.
  8587 | D:9      | Noticed a two-headed ogre
  8595 | D:9      | Killed a two-headed ogre
  8595 | D:9      | Reached skill level 10 in Spellcasting
  8873 | D:9      | Found Cilediw's Antique Weapon Shoppe.
  9151 | D:9      | Noticed an ice statue
  9209 | D:10     | Entered Level 10 of the Dungeon
  9209 | D:10     | Noticed an oklob plant
  9209 | D:10     | Noticed an oklob plant
  9249 | D:10     | Reached ***** piety under Vehumet
  9249 | D:10     | Offered knowledge of Freezing Cloud by Vehumet.
  9294 | D:10     | Killed an unseen horror
  9376 | D:10     | Reached skill level 5 in Shields
  9377 | D:10     | Noticed a skeletal warrior
  9378 | D:10     | Noticed a necromancer
  9391 | D:10     | HP: 3/61 [something (4)]
  9391 | D:10     | Mangled by a skeletal warrior

Illustrated notes

Levels and vault maps discovered:
D:1:      eino_arrival_cavern_e, layout_rooms
D:2:      layout_loops_ring, grunt_temple_overflow_magic_moments,
          serial_bayou_pond_b
D:3:      layout_loops_ring, zin_scriptorium, lemuel_doored_altar,
          marbit_many_paths
D:4:      layout_rooms, serial_shops, shop, shop, nicolae_shop_statue_plus,
          shop, nicolae_shop_waterfront
D:5:      cheibrodos_quashed, layout_loops_corners, minmay_temple_entry_arrows,
          first_ration, grunt_ministairs_5, uniq_blork_the_orc
D:6:      layout_cave_pools, kennysheep_mini, fedhas_altar_4,
          nemelex_xobeh_ov_fountains_minmay, tso_oasis_becter,
          gammafunk_ghost_cemetery, portal_sewer_entry_d
D:7:      layout_loops_ring, chequers_serial_rivers_micro_e, uniq_menkaure
D:8:      layout_cave_pools
D:9:      lemuel_ice_statue, layout_irregular_city, overflow_temple_1_default,
          nicolae_gozag_seed_capital, nicolae_dithmenos_shadow_blocks,
          erik_orc_3, serial_shops, kennysheep_mini_moat, the_bakery,
          lightli_orcish_oven
D:10:     hangedman_screamer, layout_long_grid, dpeg_oklobed_lair,
          minmay_joined_circles

Skill      XL: |  1  2  3  4  5  6  7  8  9 10 |
---------------+-------------------------------+-----
Stealth        | 3 4 7 |  7.0
Fighting       | 1 2 3 4 5 6 |  6.6
Spellcasting   | 4 5 6 8 9 10 | 10.7
Conjurations   | 5 6 7 |  7.0
Translocations | 1 2 4 6 7 |  7.0
Poison Magic   | 2 3 |  3.0
Air Magic      | 2 3 |  3.0
Shields        | 2 5 |  5.2
Dodging        | |  2.4

Action                   |  1- 3 |  4- 6 |  7- 9 | 10-12 || total
-------------------------+-------+-------+-------+-------++-------
Melee: Falchion          |       |       |       |     2 ||     2
 Cast: Magic Dart        |    62 |   110 |   283 |    79 ||   534
       Searing Ray       |       |    13 |    53 |    23 ||    89
       Iskenderun's Myst |       |       |    21 |    19 ||    40
       Mephitic Cloud    |       |       |     2 |       ||     2
  Use: Scroll            |     4 |     9 |     6 |     5 ||    24
       Potion            |       |       |       |     1 ||     1
  Eat: Chunk             |     1 |     7 |    15 |     4 ||    27
Armor: Robe              |     3 |     7 |    22 |     6 ||    38
Dodge: Dodged            |    15 |    11 |    25 |     6 ||    57
Block: Kite shield       |       |    10 |    20 |     9 ||    39
       Rpst.: Falchion   |       |       |     4 |     1 ||     5
